BSA
SEATTLE PIKES @ SPRINGFIELD STARS
07/20/2030
 
TOP OF THE 1ST
Seattle Pikes batting - Pitching for Springfield Stars : LHP José López
Pitching: LHP José López
Batting: RHB Pete Rideout 0-0: Ball
1-0: SINGLE (Line Drive, 78S)
Batting: LHB John Clark 0-0: Ball
1-0: Grounds into double play, 5-4-3 (Groundball, 56)
Batting: RHB Randy Sheppard 0-0: Ball
1-0: Ball
2-0: Ball
3-0: Base on Balls
Batting: RHB Anthony Rucker 0-0: Ball
1-0: Called Strike
1-1: Called Strike
1-2: Foul Ball, location: 2F
1-2: Ball
Randy Sheppard is caught stealing 2nd base
Top of the 1st over - 0 runs, 1 hit, 0 errors, 0 left on base; Seattle 0 - Springfield 0
BOTTOM OF THE 1ST
Springfield Stars batting - Pitching for Seattle Pikes : RHP Jeremiah Moran
Pitching: RHP Jeremiah Moran
Batting: SHB António De La Cruz 0-0: Called Strike
0-1: Ball
1-1: Ball
2-1: SINGLE (Groundball, 6D)
Batting: LHB Jesús Tobías 0-0: Called Strike
0-1: Fly out, F8 (Flyball, 8LD)
Batting: LHB Derek Davidson 0-0: Called Strike
0-1: Foul Ball, location: 2F
0-2: Foul Ball, location: 2F
0-2: SINGLE (Groundball, 5D)
António De La Cruz to second
Batting: LHB Felipe Guerrero 0-0: Ball
1-0: Foul Ball, location: 2F
1-1: Foul Ball, location: 2F
1-2: Ball
2-2: Foul Ball, location: 2F
2-2: Ball
3-2: Fielders Choice at 2nd, 6-4 (Groundball, 6)
António De La Cruz to third
Batting: LHB Elliott Newell 0-0: Foul Ball, location: 2F
0-1: Fly out, F7 (Flyball, 7D)
Bottom of the 1st over - 0 runs, 2 hits, 0 errors, 2 left on base; Seattle 0 - Springfield 0
TOP OF THE 2ND
Seattle Pikes batting - Pitching for Springfield Stars : LHP José López
Batting: RHB Anthony Rucker 0-0: Foul Ball, location: 2F
0-1: Foul Ball, location: 2F
0-2: Ground out 4-3 (Groundball, 4M)
Batting: LHB Roberto Lozano 0-0: Ground out 6-3 (Groundball, 56)
Batting: RHB Murai Ishihara 0-0: Called Strike
0-1: Single, Error in OF, E7, batter to second base
Batting: RHB Robert Johnson 0-0: Ball
1-0: Ball
2-0: SINGLE (Flyball, 9LM)
Murai Ishihara to third
Runner from 3rd tries for Home, SAFE, throw made home
Batting: RHB António López 0-0: Called Strike
0-1: Ball
1-1: Ball
2-1: Fly out, F4 (Line Drive, 4)
Top of the 2nd over - 1 run, 2 hits, 1 error, 1 left on base; Seattle 1 - Springfield 0
BOTTOM OF THE 2ND
Springfield Stars batting - Pitching for Seattle Pikes : RHP Jeremiah Moran
Batting: RHB Norberto Taváres 0-0: Ground out 4-3 (Groundball, 4)
Batting: RHB Gabriel Erwin 0-0: Called Strike
0-1: Ball
1-1: SINGLE (Groundball, 56D)
Batting: RHB Juan Carlos Rodríguez 0-0: Called Strike
0-1: Ball
1-1: Swinging Strike
1-2: Ball
2-2: Grounds into double play, 6-4-3 (Groundball, 6)
Bottom of the 2nd over - 0 runs, 1 hit, 0 errors, 0 left on base; Seattle 1 - Springfield 0
TOP OF THE 3RD
Seattle Pikes batting - Pitching for Springfield Stars : LHP José López
Batting: SHB George Adams 0-0: Foul Ball, location: 2F
0-1: Called Strike
0-2: Strikes out swinging
Batting: RHB Pete Rideout 0-0: Called Strike
0-1: Ball
1-1: Swinging Strike
1-2: Ball
2-2: Strikes out swinging
Batting: LHB John Clark 0-0: Foul Ball, location: 2F
0-1: Ground out 3-1 (Groundball, 34)
Top of the 3rd over - 0 runs, 0 hits, 0 errors, 0 left on base; Seattle 1 - Springfield 0
BOTTOM OF THE 3RD
Springfield Stars batting - Pitching for Seattle Pikes : RHP Jeremiah Moran
Batting: RHB José López 0-0: Called Strike
0-1: Ball
1-1: Foul Ball, location: 2F
1-2: Ground out 6-3 (Groundball, 6)
Batting: SHB António De La Cruz 0-0: Ball
1-0: Called Strike
1-1: Ground out 4-3 (Groundball, 4)
Batting: LHB Jesús Tobías 0-0: Ground out 5-3 (Groundball, 56)
Bottom of the 3rd over - 0 runs, 0 hits, 0 errors, 0 left on base; Seattle 1 - Springfield 0
TOP OF THE 4TH
Seattle Pikes batting - Pitching for Springfield Stars : LHP José López
Batting: RHB Randy Sheppard 0-0: Ball
1-0: Called Strike
1-1: Fly out, F3 (Popup, 3SF)
Batting: RHB Anthony Rucker 0-0: Called Strike
0-1: Ball
1-1: Foul Ball, location: 2F
1-2: Foul Ball, location: 2F
1-2: Ball
2-2: Ground out 3-1 (Groundball, 34S)
Batting: LHB Roberto Lozano 0-0: Fly out, F9 (Flyball, 9LD)
Top of the 4th over - 0 runs, 0 hits, 0 errors, 0 left on base; Seattle 1 - Springfield 0
BOTTOM OF THE 4TH
Springfield Stars batting - Pitching for Seattle Pikes : RHP Jeremiah Moran
Batting: LHB Derek Davidson 0-0: Called Strike
0-1: Foul Ball, location: 2F
0-2: Ball
1-2: Ball
2-2: Ball
3-2: Foul Ball, location: 2F
3-2: Base on Balls
Batting: LHB Felipe Guerrero 0-0: Ball
1-0: Foul Ball, location: 2F
1-1: 2-RUN HOME RUN (Flyball, 7D), Distance : 380 ft
Batting: LHB Elliott Newell 0-0: Ground out 6-3 (Groundball, 6)
Batting: RHB Norberto Taváres 0-0: Ball
1-0: Foul Ball, location: 2F
1-1: Ball
2-1: Swinging Strike
2-2: Foul Ball, location: 2F
2-2: Ball
3-2: Fly out, F8 (Flyball, 8RD)
Batting: RHB Gabriel Erwin 0-0: Called Strike
0-1: SINGLE (Line Drive, 7S)
Batting: RHB Juan Carlos Rodríguez 0-0: Ball
1-0: Called Strike
1-1: Ball
2-1: Called Strike
2-2: Fly out, F7 (Flyball, 7D)
Bottom of the 4th over - 2 runs, 2 hits, 0 errors, 1 left on base; Seattle 1 - Springfield 2
TOP OF THE 5TH
Seattle Pikes batting - Pitching for Springfield Stars : LHP José López
Batting: RHB Murai Ishihara 0-0: Foul Ball, location: 2F
0-1: Ball
1-1: Foul Ball, location: 2F
1-2: Ball
2-2: Foul Ball, location: 2F
2-2: Ball
3-2: Strikes out swinging
Batting: RHB Robert Johnson 0-0: Ground out U3 (Groundball, 34)
Batting: RHB António López 0-0: Foul Ball, location: 2F
0-1: Called Strike
0-2: Foul Ball, location: 2F
0-2: Ball
1-2: Ball
2-2: Foul Ball, location: 2F
2-2: Foul Ball, location: 2F
2-2: Ball
3-2: Ground out U3 (Groundball, 3S)
Top of the 5th over - 0 runs, 0 hits, 0 errors, 0 left on base; Seattle 1 - Springfield 2
BOTTOM OF THE 5TH
Springfield Stars batting - Pitching for Seattle Pikes : RHP Jeremiah Moran
Batting: RHB José López 0-0: Called Strike
0-1: SINGLE (Flyball, 7S)
Batting: SHB António De La Cruz 0-0: Ball
1-0: Foul Ball, location: 2F
1-1: Ball
2-1: Foul Ball, location: 2F
2-2: Ball
3-2: Foul Ball, location: 2F
3-2: Foul Ball, location: 2F
3-2: Fly out, F7 (Flyball, 78S)
Batting: LHB Jesús Tobías 0-0: Ball
1-0: Swinging Strike
1-1: Fly out, F9 (Flyball, 89M)
Batting: LHB Derek Davidson 0-0: Called Strike
0-1: Ground out 4-3 (Groundball, 4S)
Bottom of the 5th over - 0 runs, 1 hit, 0 errors, 1 left on base; Seattle 1 - Springfield 2
TOP OF THE 6TH
Seattle Pikes batting - Pitching for Springfield Stars : LHP José López
Batting: SHB George Adams 0-0: Ground out 6-3 (Groundball, 6)
Batting: RHB Pete Rideout 0-0: Foul Ball, location: 2F
0-1: Fly out, F6 (Popup, 6MD)
Batting: LHB John Clark 0-0: Ball
1-0: Called Strike
1-1: Foul Ball, location: 2F
1-2: Fly out, F8 (Flyball, 78M)
Top of the 6th over - 0 runs, 0 hits, 0 errors, 0 left on base; Seattle 1 - Springfield 2
BOTTOM OF THE 6TH
Springfield Stars batting - Pitching for Seattle Pikes : RHP Jeremiah Moran
Batting: LHB Felipe Guerrero 0-0: Ball
1-0: Called Strike
1-1: Ball
2-1: SOLO HOME RUN (Flyball, 9LD), Distance : 335 ft
Batting: LHB Elliott Newell 0-0: Swinging Strike
0-1: Foul Ball, location: 2F
0-2: Ball
1-2: Foul Ball, location: 2F
1-2: Strikes out swinging
Batting: RHB Norberto Taváres 0-0: Ball
1-0: Swinging Strike
1-1: Fly out, F6 (Line Drive, 56)
Batting: RHB Gabriel Erwin 0-0: Called Strike
0-1: Ball
1-1: Ball
2-1: Foul Ball, location: 2F
2-2: Foul Ball, location: 2F
2-2: SINGLE (Groundball, 6MD)
Batting: RHB Juan Carlos Rodríguez 0-0: Called Strike
0-1: Ball
1-1: Ball
2-1: SINGLE (Flyball, 7LM)
Gabriel Erwin to second
Batting: RHB José López 0-0: Called Strike
0-1: Swinging Strike
0-2: Ball
1-2: Strikes out swinging
Bottom of the 6th over - 1 run, 3 hits, 0 errors, 2 left on base; Seattle 1 - Springfield 3
TOP OF THE 7TH
Seattle Pikes batting - Pitching for Springfield Stars : LHP José López
Batting: RHB Randy Sheppard 0-0: Ball
1-0: Ball
2-0: Foul Ball, location: 2F
2-1: Foul Ball, location: 2F
2-2: Ball
3-2: Strikes out swinging
Batting: RHB Anthony Rucker 0-0: Called Strike
0-1: Ball
1-1: Foul Ball, location: 2F
1-2: Ball
2-2: Strikes out swinging
Batting: LHB Roberto Lozano 0-0: Ball
1-0: Ball
2-0: Called Strike
2-1: Ground out 4-3 (Groundball, 34D)
Top of the 7th over - 0 runs, 0 hits, 0 errors, 0 left on base; Seattle 1 - Springfield 3
BOTTOM OF THE 7TH
Springfield Stars batting - Pitching for Seattle Pikes : RHP Jeremiah Moran
Pitching: RHP Mike Hodges
Batting: SHB António De La Cruz 0-0: Ball
1-0: Ball
2-0: Ball
3-0: Called Strike
3-1: Ground out 4-3 (Groundball, 4)
Pitching: LHP Jesús Martínez
Batting: LHB Jesús Tobías 0-0: Called Strike
0-1: Called Strike
0-2: Ball
1-2: Ball
2-2: Foul Ball, location: 2F
2-2: SINGLE (Groundball, 34D)
Batting: LHB Derek Davidson 0-0: Foul Ball, location: 2F
0-1: Called Strike
0-2: Strikes out looking
Batting: LHB Felipe Guerrero 0-0: Ball
1-0: Ball
2-0: Ball
3-0: Called Strike
3-1: Called Strike
3-2: Base on Balls
Jesús Tobías to second
Batting: LHB Elliott Newell 0-0: Fly out, F6 (Line Drive, 6)
Bottom of the 7th over - 0 runs, 1 hit, 0 errors, 2 left on base; Seattle 1 - Springfield 3
TOP OF THE 8TH
Seattle Pikes batting - Pitching for Springfield Stars : LHP José López
Batting: RHB Murai Ishihara 0-0: Ball
1-0: DOUBLE (Line Drive, 7LM)
Batting: RHB Robert Johnson 0-0: DOUBLE (Groundball, 5L)
Murai Ishihara scores
Batting: RHB António López 0-0: Ball
1-0: Ball
2-0: Ball
Wild Pitch!
Robert Johnson to third
3-0: Called Strike
3-1: Swinging Strike
3-2: Base on Balls
Batting: SHB George Adams 0-0: Called Strike
0-1: Foul Ball, location: 2F
0-2: Ball
1-2: Strikes out looking
Batting: RHB Pete Rideout 0-0: Ball
1-0: Called Strike
1-1: Ball
2-1: Ball
3-1: Called Strike
3-2: Grounds into double play, 6-4-3 (Groundball, 6)
Top of the 8th over - 1 run, 2 hits, 0 errors, 1 left on base; Seattle 2 - Springfield 3
BOTTOM OF THE 8TH
Springfield Stars batting - Pitching for Seattle Pikes : LHP Jesús Martínez
Pitching: RHP Sixto García
Batting: RHB Norberto Taváres 0-0: Ball
1-0: Called Strike
1-1: Called Strike
1-2: Foul Ball, location: 2F
1-2: Ball
2-2: Strikes out swinging
Batting: RHB Gabriel Erwin 0-0: Ball
1-0: Ball
2-0: Called Strike
2-1: Foul Ball, location: 2F
2-2: Foul Ball, location: 2F
2-2: Ball
3-2: Base on Balls
Batting: RHB Juan Carlos Rodríguez 0-0: Foul Ball, location: 2F
0-1: Ball
Gabriel Erwin steals 2nd base
1-1: Intentional Walk
Batting: RHB José López 0-0: Swinging Strike
0-1: Called Strike
Gabriel Erwin steals 3rd base
Juan Carlos Rodríguez to second
0-2: Foul Ball, location: 2F
0-2: Ball
1-2: Ball
2-2: Strikes out looking
Batting: SHB António De La Cruz 0-0: Called Strike
0-1: Ball
1-1: Foul Ball, location: 2F
1-2: Ground out 5-3 (Groundball, 56S)
Bottom of the 8th over - 0 runs, 0 hits, 0 errors, 2 left on base; Seattle 2 - Springfield 3
TOP OF THE 9TH
Seattle Pikes batting - Pitching for Springfield Stars : LHP José López
Pitching: RHP José Valdéz
Batting: LHB John Clark 0-0: Ball
1-0: Foul Ball, location: 2F
1-1: Foul Ball, location: 2F
1-2: Foul Ball, location: 2F
1-2: Ball
2-2: Strikes out swinging
Batting: RHB Randy Sheppard 0-0: Ball
1-0: Foul Ball, location: 2F
1-1: Foul Ball, location: 2F
1-2: Ball
2-2: Foul Ball, location: 2F
2-2: Ball
3-2: Fly out, F7 (Line Drive, 7)
Batting: RHB Anthony Rucker 0-0: Called Strike
0-1: Called Strike
0-2: Ball
1-2: Fly out, F8 (Flyball, 8LXD)
Top of the 9th over - 0 runs, 0 hits, 0 errors, 0 left on base; Seattle 2 - Springfield 3
Saturday, April 7th, 2018 - OOTP Baseball 18.8 Build 76